 Dungeon Sprint DCSS version 0.26-a0-682-g294304f6e8 (webtiles) character file.

Game seed: 17790653554169079363

611 mhtbhm the Blocker (level 7, 0/105 HPs)
             Began as a Minotaur Fighter on Oct 20, 2020.
             Was a Believer of Okawaru.
             Splashed by a jelly's acid (5 damage)
             ... in the Dungeon (Sprint IX: "|||||||||||||||||||||||||||||").
             The game lasted 00:01:14 (342 turns).

mhtbhm the Blocker (Minotaur Fighter)                Turns: 342, Time: 00:01:15

Health: 0/105      AC:  8    Str: 26    XL:     7   Next: 20%
Magic:  6/6        EV: 13    Int:  5    God:    Okawaru [**....]
Gold:   0          SH: 12    Dex:  9    Spells: 6/6 levels left

rFire    . . .     SeeInvis .   a - +2 scimitar (flame)
rCold    . . .     Faith    .   c - +0 kite shield
rNeg     . . .     Spirit   .   b - +2 ring mail
rPois    .         Reflect  .   (helmet restricted)
rElec    .         Harm     .   p - +0 cloak
rCorr    .         Rampage  .   (no gloves)
MR       .....     NoTele   +   o - +0 pair of boots
Stlth    ..........             (no amulet)
HPRegen  0.27/turn              q - +2 ring of evasion
MPRegen  0.10/turn              r - +3 ring of strength

@: berserking (expiring), corroded, very quick
A: retaliatory headbutt, horns 2
a: Heroism, Renounce Religion


You were in the Dungeon.
You worshipped Okawaru.
Okawaru was pleased with you.
You visited 1 branch

Inventory:

Hand Weapons
 a - a +2 scimitar of flaming (weapon)
Armour
 b - a +2 ring mail (worn)
 c - a +0 kite shield (worn)
 o - a +0 pair of boots (worn)
 p - a +0 cloak (worn)
Jewellery
 q - a +2 ring of evasion (left hand)
 r - a +3 ring of strength (right hand)
Wands
 n - a wand of acid (9)
Scrolls
 j - 2 scrolls of blinking
 l - 3 scrolls of remove curse
 m - 2 scrolls of amnesia
Potions
 d - a potion of might
 e - 4 potions of curing
 f - a potion of invisibility
 g - a potion of haste
 h - 4 potions of magic
 k - a potion of heal wounds


   Skills:
 + Level 9.1 Fighting
 + Level 9.8 Long Blades
 + Level 9.9 Armour
 + Level 3.3 Dodging
 + Level 10.2 Shields


You had 6 spell levels left.
You didn't know any spells.
Your spell library was empty.

Dungeon Overview and Level Annotations

Branches:
Dungeon (1/1)

Altars:
Cheibriados
Dithmenos
Elyvilon
Fedhas
Gozag
Hepliaklqana
Kikubaaqudgha
Makhleb
Nemelex Xobeh
Okawaru
Qazlal
Ru
Sif Muna
Trog
Uskayaw
Vehumet
Wu Jian
Xom
Yredelemnul
Zin
The Shining One
Beogh
Jiyva
Lugonu


Innate Abilities, Weirdness & Mutations

You reflexively headbutt those who attack you in melee.
You have a pair of horns on your head.


Message History

You closely miss the orc warrior.
The orc warrior is moderately wounded.
You block the orc warrior's attack.
You closely miss the orc warrior. Your headbutt misses the orc warrior.
The orc warrior is moderately wounded.
Unknown command.
You slash the orc warrior! You burn the orc warrior.
The orc warrior is severely wounded.
You block the orc warrior's attack.
You slice the orc warrior!! You burn the orc warrior.
You kill the orc warrior!
Okawaru accepts your kill.
Your Fighting skill increases to level 9!
Your Shields skill increases to level 10!
You block the jelly's attack.
There is an open door to the Dungeon, spattered with blood here.
Items here: )) [ ††.
You slash the jelly! You burn the jelly. The acid corrodes you!
Your hands burn!
You die...

▓.▓
▓)▓
▓.▓
▓.▓
▓.▓
▓[▓
▓.▓
▓.▓
▓@▓
▓J▓
▓B▓
▓≈▓
▓.▓
▓.▓
▓.▓
▓+▓


You could see a jelly and a worker ant.

Vanquished Creatures
  A gargoyle (D)
  An orc warrior (D)
  A phantom (D)
  A sky beast (D)
  An orc wizard (D)
  An iguana (D)
  A ball python (D)
  A bat skeleton (D)
  A giant cockroach (D)
  A hobgoblin (D)
  A quokka (D)
  A bat (D)
  A kobold (D)
  A rat (D)
14 creatures vanquished.

Notes
Turn   | Place    | Note
-------+----------+-------------------------------------------
     0 | D        | mhtbhm the Minotaur Fighter began the quest for the Orb.
     0 | D        | Reached XP level 1. HP: 19/19 MP: 0/0
     8 | D        | Reached skill level 4 in Shields
    16 | D        | Noticed an iguana
    16 | D        | Noticed an orc wizard
    16 | D        | Noticed a phantom
    24 | D        | Killed an iguana
    24 | D        | Reached skill level 5 in Fighting
    24 | D        | Reached skill level 5 in Armour
    24 | D        | Reached skill level 5 in Shields
    24 | D        | Reached XP level 2. HP: 18/29 MP: 1/1
    24 | D        | Reached XP level 3. HP: 22/36 MP: 2/2
    35 | D        | Reached skill level 6 in Shields
    39 | D        | Found a roughly hewn altar of Beogh.
    39 | D        | Found a snail-covered altar of Cheibriados.
    39 | D        | Found a shadowy altar of Dithmenos.
    39 | D        | Found a white marble altar of Elyvilon.
    39 | D        | Found a blossoming altar of Fedhas.
    39 | D        | Found an opulent altar of Gozag.
    40 | D        | Found a hazy altar of Hepliaklqana.
    41 | D        | Found a viscous altar of Jiyva.
    43 | D        | Found an ancient bone altar of Kikubaaqudgha.
    44 | D        | Found a corrupted altar of Lugonu.
    45 | D        | Found a burning altar of Makhleb.
    46 | D        | Found a sparkling altar of Nemelex Xobeh.
    47 | D        | Found an iron altar of Okawaru.
    48 | D        | Found a stormy altar of Qazlal.
    49 | D        | Found a sacrificial altar of Ru.
    50 | D        | Found a shimmering blue altar of Sif Muna.
    51 | D        | Found a bloodstained altar of Trog.
    52 | D        | Found a hide-covered altar of Uskayaw.
    53 | D        | Found a radiant altar of Vehumet.
    54 | D        | Found an ornate altar of the Wu Jian Council.
    55 | D        | Became a worshipper of Warmaster Okawaru
    56 | D        | Found a shimmering altar of Xom.
    57 | D        | Found a basalt altar of Yredelemnul.
    58 | D        | Found a glowing silver altar of Zin.
    59 | D        | Found a glowing golden altar of the Shining One.
    79 | D        | Killed a phantom
    79 | D        | Reached skill level 5 in Long Blades
    79 | D        | Reached skill level 1 in Dodging
    79 | D        | Reached skill level 7 in Shields
    79 | D        | Reached XP level 4. HP: 11/47 MP: 3/3
    79 | D        | Reached XP level 5. HP: 12/52 MP: 4/4
   311 | D        | Noticed a gargoyle
   311 | D        | Noticed a sky beast
   311 | D        | Noticed an orc warrior
   320 | D        | HP: 1/52 [gargoyle/+0 mace (10)]
   328 | D        | Killed a gargoyle
   328 | D        | Reached * piety under Okawaru
   328 | D        | Reached skill level 9 in Shields
   328 | D        | Reached XP level 6. HP: 6/62 MP: 5/5
   335 | D        | HP: 4/93 [something (5)]
   336 | D        | Killed a sky beast
   336 | D        | Reached ** piety under Okawaru
   336 | D        | Reached XP level 7. HP: 4/69 MP: 6/6
   340 | D        | Reached skill level 10 in Shields
   342 | D        | Splashed by a jelly's acid

Illustrated notes

Levels and vault maps discovered:
D:        linesprint [early_d, line_temple, items_1, d_10, items_2, lair_1,
          lair_end, items_3, orc_1, orc_end, items_4, d_15, swamp_1, shoals_1,
          snake_1, spider_1, d_20, vaults_1, items_5, swamp_end, shoals_end,
          snake_end, spider_end, vaults_end, d_27, items_6, zot_1, zot_end,
          crypt_end, forest_end, elf_end, slime_end, tomb_end, abyss_end,
          pan_hell_end]

Skill      XL: |  1  2  3  4  5  6  7 |
---------------+----------------------+-----
Fighting       | 5 7 8 9 |  9.1
Armour         | 5 7 9 |  9.9
Shields        | 5 7 9 10 | 10.2
Long Blades    | 3 5 8 9 |  9.8
Dodging        | 1 2 3 |  3.3

Action                   |  1- 3 |  4- 6 |  7- 9 || total
-------------------------+-------+-------+-------++-------
Melee: Long sword        |    31 |       |       ||    31
       Headbutt          |     9 |       |       ||     9
       Scimitar          |       |    21 |     5 ||    26
Evoke: Wand              |       |     1 |       ||     1
  Use: Potion            |     1 |     3 |       ||     4
Armor: Scale mail        |     7 |       |       ||     7
       Ring mail         |       |     3 |       ||     3
Dodge: Dodged            |     9 |     4 |       ||    13
Block: Kite shield       |    15 |     5 |     3 ||    23
       Rpst.: Long sword |     5 |       |       ||     5

Table legend: (Time is in decaauts)
 A = Elapsed time spent in this place.
 B = Non-inter-level travel time spent in this place.
 C = Inter-level travel time spent in this place.
 D = Time resting spent in this place.
 E = Time spent auto-exploring this place.
 F = Levels seen in this place.
 G = Mean time per level.
                   A        B        C        D        E       F      G
               +--------+--------+--------+--------+--------+-----+--------+
         Total |    348 |    348 |      0 |    181 |      3 |   1 |  348.0 |
       Dungeon |    348 |    348 |      0 |    181 |      3 |   1 |  348.0 |
               +--------+--------+--------+--------+--------+-----+--------+

Top non-repeatable levels by time:
       D: 348 daAuts
